 Dungeon Crawl Stone Soup version 0.23.0 (webtiles) character file.

Game seed: 15460652445185688359

51 vishdafish the Skirmisher (level 4, 0/34 HPs)
             Began as a Formicid Warper on Feb 16, 2019.
             Slain by a kobold
             ... wielding a +0 dagger
              (1 damage)
             ... on level 2 of the Dungeon.
             The game lasted 00:02:30 (1197 turns).

vishdafish the Skirmisher (Formicid Warper)         Turns: 1197, Time: 00:02:31

Health: 0/34       AC:  3    Str: 15    XL:     4   Next: 7%
Magic:  7/7        EV: 12    Int: 14    God:
Gold:   95         SH:  0    Dex: 10    Spells: 8/8 levels left

rFire    . . .     SeeInvis +   a - +0 hand axe
rCold    . . .     Gourm    .   (no shield)
rNeg     . . .     Faith    .   b - +0 leather armour
rPois    .         Spirit   .   (helmet unavailable)
rElec    .         Reflect  .   (no cloak)
rCorr    .         Harm     .   (no gloves)
MR       .....                  (no boots)
Stlth    +.........             (no amulet)
HPRegen  0.11/turn              (no ring)
MPRegen  0.10/turn              (no ring)

@: no status effects
A: permanent stasis, dig shafts and tunnels, four strong arms, antennae 3
a: Dig, Shaft Self


You were on level 2 of the Dungeon.
You were hungry.

You visited 1 branch of the dungeon, and saw 2 of its levels.

You collected 95 gold pieces.

Inventory:

Hand Weapons
 a - a +0 hand axe (weapon)
Missiles
 e - 5 tomahawks of dispersal (quivered)
Armour
 b - a +0 leather armour (worn)
Scrolls
 c - 2 scrolls of remove curse
 d - a scroll of blinking
 h - a scroll of identify {unknown}
Comestibles
 f - 3 rations


   Skills:
 + Level 2.7 Fighting
 + Level 2.5 Axes
 - Level 1.0 Throwing
 + Level 2.0 Armour
 + Level 2.2 Dodging
 + Level 2.6 Spellcasting
   Level 2.6 Translocations


You had 8 spell levels left.
You didn't know any spells.
Your spell library contained the following spells:

 Spells                   Type           Power        Failure   Level  Hunger
 Shroud of Golubria       Chrm/Tloc      #.........   24%         2    ###....
 Gell's Gravitas          Tloc           #.........   26%         3    ###....
 Lesser Beckoning         Tloc           #.........   26%         3    ###....
 Teleport Other           Tloc           #.......     26%         3    ###....
 Passage of Golubria      Tloc           N/A          65%         4    #####..
 Blink                    Tloc           Unusable     N/A         2    N/A

Dungeon Overview and Level Annotations

Branches:
Dungeon (2/15)

Altars:
Elyvilon
Xom
Zin

Annotations:
D:2 Robin


Innate Abilities, Weirdness & Mutations

You cannot be hasted, slowed, berserked, paralysed or teleported.
You can dig through walls and to a lower floor.
Your four strong arms can wield two-handed weapons with a shield.
You have a pair of large antennae on your head. (SInv)


Message History

You miss the goblin.
The goblin is severely wounded.
You completely miss the hobgoblin. The goblin hits you but does no damage.
The hobgoblin closely misses you.
You barely miss the goblin.
The goblin is severely wounded.
You hit the hobgoblin.
You kill the hobgoblin!
* * * LOW HITPOINT WARNING * * *
You feel sick.
You are no longer poisoned.
The goblin hits you but does no damage.
You aren't carrying any potions.
Okay, then.
You hit the goblin.
You kill the goblin!
You barely miss the kobold.
The hobgoblin no longer looks unusually strong.
The kobold hits you with a +0 dagger.
You die...

........# # ........##
###.#..#.##.
.........##....#..#.#..
............# #.......
#.>..### ##...(...
#.#...<###........
#)###.(..(........
#)Kggl#...........
#@#######(g.......
####....{{........
#......{.......
#.......{.?....
#........g.....
#........$.....
#............g.
#..............


You could see Robin, a hobgoblin, a kobold and a frilled lizard.

Vanquished Creatures
  An adder (D:2)
  3 dart slugs (D:1)
  A ball python (D:1)
  A bat (D:1)
  9 goblins
  5 hobgoblins
  6 jackals (D:1)
  A frilled lizard (D:1)
  3 kobolds
30 creatures vanquished.

Notes
Turn   | Place    | Note
-------+----------+-------------------------------------------
     0 | D:1      | vishdafish the Formicid Warper began the quest for the Orb.
     0 | D:1      | Reached XP level 1. HP: 16/16 MP: 3/3
   353 | D:1      | Reached XP level 2. HP: 23/23 MP: 5/5
   375 | D:1      | Found a blossoming altar of Fedhas.
   377 | D:1      | Found a basalt altar of Yredelemnul.
   377 | D:1      | Found a shimmering altar of Xom.
   379 | D:1      | Found a glowing golden altar of the Shining One.
   379 | D:1      | Found a glowing silver altar of Zin.
   379 | D:1      | Found a white marble altar of Elyvilon.
  1005 | D:1      | Reached XP level 3. HP: 27/28 MP: 6/6
  1162 | D:2      | Noticed Robin
  1194 | D:2      | Reached XP level 4. HP: 5/34 MP: 7/7
  1196 | D:2      | HP: 1/34 [poisoned by an adder]
  1197 | D:2      | Slain by a kobold

Skill      XL: |  1  2  3 |
---------------+----------+-----
Dodging        | 2 |  2.2
Armour         | 2 |  2.0
Fighting       | |  2.7
Axes           | |  2.5
Throwing       | |  1.0
Spellcasting   | |  2.6
Translocations | |  2.6

Action                   |  1- 3 |  4- 6 || total
-------------------------+-------+-------++-------
Melee: Hand axe          |    79 |     3 ||    82
  Use: Scroll            |     2 |       ||     2
Armor: Leather armour    |    29 |     2 ||    31
Dodge: Dodged            |    93 |     1 ||    94
